 Dungeon Crawl Stone Soup version 0.29-a0-298-g3c90f9a769 (webtiles) character file.

Game seed: 17867420361894242703

2 Ajdolov the Covert (level 1, -3/23 HPs)
             Began as a Gnoll Delver on Mar 23, 2022.
             Slain by a gnoll
             ... wielding a +0 halberd
              (4 damage)
             ... on level 5 of the Dungeon.
             The game lasted 00:00:22 (64 turns).

Ajdolov the Covert (Gnoll Delver)                     Turns: 64, Time: 00:00:23

Health: -3/23      AC:  3    Str: 11    XL:     1   Next: 30%
Magic:  1/1        EV: 13    Int:  9    God:
Gold:   11         SH:  0    Dex: 13    Spells: 0/0 levels left

rFire   . . .      SeeInvis .   a - +0 falchion
rCold   . . .      Faith    .   (no shield)
rNeg    . . .      Spirit   .   b - +0 leather armour
rPois   .          Reflect  .   (no helmet)
rElec   .          Harm     .   (no cloak)
rCorr   .          Rampage  .   (no gloves)
Will    .....                   (no boots)
Stlth   ++++......              (no amulet)
HPRegen 0.07/turn               (no ring)
MPRegen 0.07/turn               (no ring)

@: hasted, very quick
A: fangs 1, strong nose, distributed training
a: no special abilities


You were on level 5 of the Dungeon.
You visited 1 branch of the dungeon, and saw 2 of its levels.

You collected 11 gold pieces.

Inventory:

Hand Weapons
 a - a +0 falchion (weapon)
Armour
 b - a +0 leather armour (worn)
Wands
 g - a wand of digging (3)
Scrolls
 c - a scroll of fog
 d - a scroll of magic mapping
 e - a scroll of fear
 i - a scroll of enchant weapon {unknown}
Potions
 h - a potion of mutation {unknown}


   Skills:
 + Level 6.4 Fighting
 + Level 0.0 Short Blades
 + Level 4.4 Long Blades
 + Level 0.0 Axes
 + Level 0.0 Maces & Flails
 + Level 0.0 Polearms
 + Level 0.0 Staves
 + Level 0.0 Slings
 + Level 0.0 Bows
 + Level 0.0 Crossbows
 + Level 0.0 Throwing
 + Level 0.0 Armour
 + Level 4.4 Dodging
 + Level 9.5 Stealth
 + Level 0.0 Shields
 + Level 0.0 Unarmed Combat
 + Level 0.0 Spellcasting
 + Level 0.0 Conjurations
 + Level 0.0 Hexes
 + Level 0.0 Summonings
 + Level 0.0 Necromancy
 + Level 0.0 Translocations
 + Level 0.0 Transmutations
 + Level 0.0 Fire Magic
 + Level 0.0 Ice Magic
 + Level 0.0 Air Magic
 + Level 0.0 Earth Magic
 + Level 0.0 Poison Magic
 + Level 0.1 Invocations
 + Level 0.0 Evocations


You couldn't memorise any spells.
You didn't know any spells.
Your spell library was empty.

Dungeon Overview and Level Annotations

Branches:
Dungeon (5/15)
 Temple: D:4-7

Altars:


Innate Abilities, Weirdness & Mutations

You have very sharp teeth.
Your uncanny sense of smell can sniff out nearby items.
Your experience applies equally to all skills.


Message History

Found a hand axe.
You now have 11 gold pieces.
An orc comes into view. It is wielding a +0 dagger.
Found 10 stones.
Found an amethyst potion.
Found 5 poisoned darts.
A hound and a gnoll come into view.
A gnoll comes into view. It is wielding a +0 club.
Found a scroll labelled EKARPH QE PICK.
The gnoll shouts!
The orc shouts!
You hear a shout!
The orc sings a few bars from the Orcish anthem.
Found a flail.
Found a stone staircase leading down.
There is a stone staircase leading up here.
You hit the orc.
The orc is heavily wounded.
The orc barely misses you. The gnoll barely misses you.
The orc hits you with a +0 dagger.
You climb upwards.
Found a golden potion.
There is a stone staircase leading down here.
You hit the orc.
You kill the orc!
No target in view!
You start resting.
HP restored.
There is a stone staircase leading down here.
You climb downwards.
There is a stone staircase leading up here.
The gnoll hits you with a +0 halberd!
You closely miss the gnoll. You bite the gnoll.
The gnoll is lightly wounded.
The gnoll hits you with a +0 halberd!
Ouch! That really hurt!
* * * LOW HITPOINT WARNING * * *
You feel yourself speed up. The gnoll closely misses you.
You slash the gnoll!
The gnoll is severely wounded.
The gnoll hits you with a +0 halberd.
You die...

#.# #..... .. ###. ....
... #..###.. ....
#####.##..## #....
#..........##.....
#.........<......#
#...............#
##.>..#@......#
###......g......#
###................
#.....................
##...........####.....(
###.......#..##........
#.......#...#........
##.##.......#........
## #..#..............


You could see a gnoll.

Vanquished Creatures
  An orc (D:4)
1 creature vanquished.

Notes
Turn   | Place    | Note
-------+----------+-------------------------------------------
     0 | D:5      | Reached skill level 9 in Stealth
     0 | D:5      | Ajdolov the Gnoll Delver began the quest for the Orb.
     0 | D:5      | Reached XP level 1. HP: 23/23 MP: 1/1
    24 | D:5      | Noticed a hound
    62 | D:5      | HP: 1/23 [gnoll/+0 halberd (15)]
    64 | D:5      | Slain by a gnoll

Illustrated notes

Levels and vault maps discovered:
D:4:      layout_basic, vehumet_altar_wand_db, nzn_hepliaklqana_mist_gate,
          mainiacjoe_overflow_brackets
D:5:      layout_cave_pools, uniq_ijyb

Skill      XL: | |
---------------+-+-----
Stealth        | |  9.5
Fighting       | |  6.4
Long Blades    | |  4.4
Dodging        | |  4.4
Invocations    | |  0.1

Action                   || total
-------------------------++-------
Melee: Falchion          ||     4
       Bite              ||     1
  Use: Potion            ||     1
Dodge: Dodged            ||     3

Table legend: (Time is in decaauts)
 A = Elapsed time spent in this place.
 B = Non-inter-level travel time spent in this place.
 C = Inter-level travel time spent in this place.
 D = Time resting spent in this place.
 E = Time spent auto-exploring this place.
 F = Levels seen in this place.
 G = Mean time per level.
                   A        B        C        D        E       F      G
               +--------+--------+--------+--------+--------+-----+--------+
         Total |     64 |     64 |      0 |      3 |      5 |   2 |   32.0 |
       Dungeon |     64 |     64 |      0 |      3 |      5 |   2 |   32.0 |
               +--------+--------+--------+--------+--------+-----+--------+

Top non-repeatable levels by time:
     D:5: 58 daAuts
     D:4: 5 daAuts
